 Seeded DCSS version 0.29-a0-362-g5854e031c7 (webtiles) character file.

Game seed: 3835982142597306518 (custom seed)

4142 donath the Frost Mage (level 10, 0/72 HPs)
             Began as a Merfolk Ice Elementalist on Apr 29, 2022.
             Was a Follower of Cheibriados.
             Killed from afar by a steam dragon (16 damage)
             ... with a ball of steam
             ... on level 8 of the Dungeon.
             The game lasted 01:38:05 (9135 turns).

donath the Frost Mage (Merfolk Ice Elementalist)    Turns: 9135, Time: 01:38:06

Health: 0/72       AC:  5    Str: 10 (12) XL:     10   Next: 27%
Magic:  25/25      EV: 16    Int: 22      God:    Cheibriados [*.....]
Gold:   447        SH:  0    Dex: 18 (19) Spells: 1/17 levels left

rFire   . . .      SeeInvis .   a - +5 whip of Perfectionism {venom, MP+9 Dex+2}
rCold   . . .      Faith    .   (no shield)
rNeg    . . .      Spirit   .   o - +0 robe
rPois   .          Reflect  .   (no helmet)
rElec   .          Harm     .   f - +1 cloak
rCorr   .          Rampage  .   (no gloves)
Will    .....                   S - +0 pair of boots
Stlth   +++.......              p - amulet of magic regeneration
HPRegen 0.22/turn               (no ring)
MPRegen 0.59/turn               (no ring)

@: very slow
A: (nimble swimmer 2), mertail
a: Renounce Religion, Bend Time


You were on level 8 of the Dungeon.
You worshipped Cheibriados.
Cheibriados was aware of your devotion.
You visited 2 branches of the dungeon, and saw 9 of its levels.
You also visited: Sewer.

You collected 447 gold pieces.

Inventory:

Hand Weapons
 a - the +5 whip of Perfectionism (weapon) {venom, MP+9 Dex+2}
   (You found it on level 5 of the Dungeon)

   It poisons the flesh of those it strikes.
   Dex:       It affects your dexterity (+2).
   MP:        It affects your magic capacity (+9).
 b - a +2 short sword of protection
 c - the +7 hunting sling of World's End {flame, Fly MP-9 Int+6 Stlth+}
   (You found it on level 3 of the Dungeon)

   Any ammunition fired from it burns those it strikes, dealing additional fire
   damage.
   Int:       It affects your intelligence (+6).
   MP:        It affects your magic capacity (-9).
   Fly:       It grants you flight.
   Stlth:     It makes you more stealthy.
 d - a +2 flail of draining
 L - a +0 hand axe
 R - the +3 quarterstaff "Nuihayse" {drain, rCorr Int+3}
   (You found it on level 5 of the Dungeon)

   A truly terrible weapon, it drains the life of any living foe it strikes.
   Int:       It affects your intelligence (+3).
   rCorr:     It protects you from acid and corrosion.
 T - a +1 trident of venom
Missiles
 g - 4 curare-tipped darts
 h - 328 stones (quivered)
 y - 12 boomerangs
 B - 6 poisoned darts
 M - a throwing net
 N - 5 javelins
Armour
 f - a +1 cloak (worn)
 i - a +0 leather armour
 o - a +0 robe (worn)
 A - a +0 leather armour
 S - a +0 pair of boots (worn)
Magical Staves
 E - a staff of fire
Jewellery
 k - an amulet of faith
 p - an amulet of magic regeneration (around neck)
Wands
 n - a wand of digging (7)
 D - a wand of acid (5)
Scrolls
 q - a scroll of magic mapping
 r - 4 scrolls of identify
 t - a scroll of immolation {unknown}
 u - a scroll of fog
 H - 4 scrolls of teleportation
 I - a scroll of enchant armour
 J - 3 scrolls of noise {unknown}
 K - a scroll of holy word {unknown}
 O - a scroll of acquirement {unknown}
Potions
 e - 8 potions of curing
 j - a potion of brilliance
 l - a potion of heal wounds
 m - 4 potions of might
 s - a potion of ambrosia
 v - a potion of attraction {unknown}
 w - a potion of invisibility {unknown}
 x - 3 potions of haste
 z - 3 potions of berserk rage
 C - a potion of magic
 F - 6 potions of flight
 G - 3 potions of mutation
 P - a potion of cancellation
 Q - a potion of lignification


   Skills:
 + Level 4.2 Fighting
 - Level 2.0 Short Blades
 - Level 4.0 Maces & Flails
 - Level 2.0 Slings
 - Level 0.8(1.7) Throwing
 - Level 7.2 Dodging
 - Level 4.6 Stealth
 - Level 4.0 Spellcasting
 + Level 3.0 Conjurations
 * Level 2.2 Transmutations
 - Level 9.6 Ice Magic
 - Level 1.2 Air Magic
 - Level 1.6 Earth Magic
 + Level 2.3 Poison Magic
 * Level 1.4 Invocations
 - Level 2.0 Evocations


You had one spell level left.
You knew the following spells:

 Your Spells              Type           Power      Damage    Failure   Level
a - Freeze                Ice            100%       1d11      1%          1
b - Frozen Ramparts       Ice            92%        1d11      1%          3
c - Ozocubu's Armour      Ice            46%        N/A       1%          3
d - Hailstorm             Conj/Ice       32%        3d8       9%          4
e - Mephitic Cloud        Conj/Pois/Air  14%        N/A       14%         3
f - Passwall              Tmut/Erth      10%        N/A       8%          2

Your spell library contained the following spells:

 Spells                   Type           Power      Damage    Failure   Level
 Magic Dart               Conj           68%        1d6       3%          1
 Sting                    Tmut/Pois      56%        1d5       4%          1
 Ensorcelled Hibernation  Hex/Ice        50%        N/A       2%          2
 Poisonous Vapours        Pois/Air       24%        N/A       9%          2
 Stone Arrow              Conj/Erth      28%        3d8       13%         3
 Call Imp                 Summ           4%         N/A       17%         2
 Swiftness                Air            10%        N/A       21%         3
 Olgreb's Toxic Radiance  Pois           14%        N/A       38%         4
 Animate Armour           Summ/Erth      16%        N/A       61%         4
 Iskenderun's Battlesphe  Conj           17%        2d7       65%         5
 Iron Shot                Conj/Erth      7%         9d2       100%        6
 Spellforged Servitor     Conj/Summ      5%         N/A       100%        7
 Lehudib's Crystal Spear  Conj/Erth      7%         10d3      100%        8


Dungeon Overview and Level Annotations

Branches:
Dungeon (8/15)             Temple (1/1) D:6           Sewer (visited)
   Lair: D:8-11

Altars:
Ashenzari
Cheibriados
Dithmenos
Elyvilon
Hepliaklqana
Kikubaaqudgha
Makhleb
Nemelex Xobeh
Okawaru
Qazlal
Ru
Sif Muna
Trog
Vehumet
Wu Jian
Yredelemnul
Zin
The Shining One

Shops:
D:7 **


Innate Abilities, Weirdness & Mutations

((You are very nimble when in or above water. (Stealth+, EV+, Speed+++)))
Your lower body shifts to a powerful aquatic tail in water.


Message History

You hit the steam dragon.
The steam dragon is heavily wounded.
The steam dragon misses you. The steam dragon claws you.
You completely miss the steam dragon.
The steam dragon is heavily wounded.
The steam dragon bites you. The steam dragon closely misses you.
You closely miss the steam dragon.
The steam dragon is severely wounded.
The steam dragon closely misses you. x2
You hit the steam dragon but do no damage.
The steam dragon looks as sick as possible!
The steam dragon is severely wounded.
An orc comes into view. It is wielding a +0 mace.
The steam dragon barely misses you. The steam dragon misses you.
You barely miss the steam dragon.
The steam dragon is severely wounded.
The steam dragon breathes steam at you. The ball of steam misses you.
You closely miss the steam dragon.
The steam dragon is severely wounded.
The steam dragon breathes steam at you. The ball of steam hits you!!
You hear an angry hiss.
Casting: Ozocubu's Armour (safe; 1% risk of failure)
Confirm with . or Enter, or press ? or * to list all spells.
Okay, then.
The steam dragon misses you.
The steam dragon claws you but does no damage.
The steam dragon attacks as you move away!
The steam dragon bites you.
The steam dragon claws you but does no damage.
The steam dragon attacks as you move away!
The steam dragon bites you!
* * * LOW HITPOINT WARNING * * *
The steam dragon claws you.
* * * LOW HITPOINT WARNING * * *
A centaur comes into view.
The steam dragon breathes steam at you. The ball of steam hits you!
You die...

#.#. .# #.#.. ###♣###
..# #.#...#..#..#c..#
#.#...#..#..#...# ##
#.#......#......#
.#######.#......#......#
.........#......§Do....#
.#####...#......§......#
.# #.#########@#######
.# #.# #.)....####### .#
#.# ###..........# ##
#.# ##+#.#####.# ##.##
######.#.# #...##
#....#.#.# #.###.##
#.##.#.#.# #.#
##.####.##.....# #.
#.............#


You could see a steam dragon (very poisoned, catching breath), a centaur
(wandering) and an orc.

Vanquished Creatures
  A komodo dragon (D:6)
  A troll (D:5)
  Prince Ribbit (D:6)
  6 yaks
  2 wyverns
  A water moccasin (D:8)
  An ice beast (D:5)
  2 orc warriors (D:7)
  3 black bears
  2 ogres (D:5)
  A phantom (D:5)
  3 bullfrogs
  A kobold brigand (D:7)
  5 scorpions (D:5)
  A wight (D:7)
  2 hounds (D:5)
  2 orc priests
  2 gnoll shamans
  3 iguanas
  4 orc wizards
  14 gnolls
  15 adders
  6 river rats
  A shadow imp (D:6)
  A white imp (D:6)
  An ufetubus (D:4)
  5 dart slugs
  4 worms
  14 orcs
  13 ball pythons
  15 endoplasms
  5 giant cockroaches
  9 goblins
  8 hobgoblins
  6 jackals (D:1)
  11 kobolds
  10 quokkas
  17 bats
  8 frilled lizards
  6 rats
213 creatures vanquished.

Vanquished Creatures (others)
  A wizard (D:7)
1 creature vanquished.

Grand Total: 214 creatures vanquished

Notes
Turn   | Place    | Note
-------+----------+-------------------------------------------
     0 | D:1      | donath the Merfolk Ice Elementalist began the quest for the
                  | Orb.
     0 | D:1      | Reached XP level 1. HP: 13/13 MP: 3/3
   337 | D:1      | Reached XP level 2. HP: 19/19 MP: 1/5
   766 | D:1      | Reached skill level 5 in Ice Magic
   776 | D:1      | Reached XP level 3. HP: 21/24 MP: 1/6
   907 | D:1      | Reached skill level 1 in Short Blades
   931 | D:1      | Found a faded altar of an unknown god.
  1020 | D:2      | Learned a level 3 spell: Frozen Ramparts
  1638 | D:2      | You fall into a shaft and drop 2 floors!
  1856 | D:4      | Reached XP level 4. HP: 29/31 MP: 4/7
  1965 | D:4      | Learned a level 3 spell: Ozocubu's Armour
  2424 | D:3      | Reached XP level 5. HP: 36/36 MP: 8/8
  2434 | D:3      | Reached skill level 1 in Fighting
  2542 | D:3      | Reached skill level 6 in Ice Magic
  2555 | D:3      | Identified the +7 hunting sling of World's End {flame, Fly
                  | MP-9 Int+6 Stlth+}
  2661 | D:3      | Found a glowing drain.
  2691 | Sewer    | Entered a sewer
  2819 | Sewer    | Reached XP level 6. HP: 43/43 MP: 7/10
  3770 | D:2      | Reached skill level 7 in Ice Magic
  3970 | D:4      | Upgraded the game from 0.29-a0-360-g8ed1089bbe to
                  | 0.29-a0-362-g5854e031c7
  4350 | D:5      | Entered Level 5 of the Dungeon
  4478 | D:5      | Identified the +5 whip of Perfectionism {venom, MP+9 Dex+2}
  4490 | D:5      | Learned a level 4 spell: Hailstorm
  4507 | D:5      | Noticed a black bear
  4534 | D:5      | Reached XP level 7. HP: 46/50 MP: 12/12
  4563 | D:5      | Reached skill level 1 in Maces & Flails
  4563 | D:5      | Reached skill level 1 in Conjurations
  4887 | D:5      | Reached XP level 8. HP: 44/56 MP: 13/13
  4966 | D:5      | Reached skill level 5 in Dodging
  5188 | D:5      | Noticed a wyvern
  5189 | D:5      | Noticed a troll
  5539 | D:5      | Reached skill level 1 in Slings
  5881 | D:5      | Killed a wyvern
  5882 | D:5      | Reached skill level 1 in Earth Magic
  6169 | D:6      | Found a staircase to the Ecumenical Temple.
  6172 | D:6      | Noticed a yak
  6175 | D:6      | Noticed a yak
  6176 | D:6      | Noticed a yak
  6177 | D:6      | Noticed a yak
  6178 | D:6      | Noticed a yak
  6178 | D:6      | Noticed a yak
  6184 | D:5      | Killed a yak
  6185 | D:5      | Reached skill level 8 in Ice Magic
  6185 | D:5      | Reached XP level 9. HP: 33/62 MP: 15/15
  6516 | D:6      | Found an ornate altar of the Wu Jian Council.
  6772 | D:6      | Reached skill level 1 in Evocations
  6798 | Temple   | Entered the Ecumenical Temple
  7132 | Temple   | Became a worshipper of Cheibriados the Contemplative
  7168 | D:6      | Noticed Prince Ribbit
  7181 | D:6      | Killed Prince Ribbit
  7182 | D:6      | Reached skill level 9 in Ice Magic
  7454 | D:6      | Found a sacrificial altar of Ru.
  7501 | D:6      | Noticed a komodo dragon
  7511 | D:6      | Killed a komodo dragon
  7564 | D:6      | Noticed a two-headed ogre
  7754 | D:6      | Learned a level 3 spell: Mephitic Cloud
  7861 | D:5      | Killed a troll
  7862 | D:5      | Reached skill level 1 in Poison Magic
  7862 | D:5      | Reached XP level 10. HP: 58/70 MP: 14/16
  7885 | D:5      | Identified the +3 quarterstaff "Nuihayse" {drain, rCorr
                  | Int+3}
  8127 | D:7      | Found a bloodstained altar of Trog.
  8128 | D:7      | Noticed a wizard
  8179 | D:7      | Reached skill level 1 in Air Magic
  8271 | D:7      | Found Uxti's Assorted Antiques.
  8407 | D:7      | Learned a level 2 spell: Passwall
  8452 | D:7      | Killed a wizard
  8490 | D:7      | Reached * piety under Cheibriados
  8500 | D:7      | Reached skill level 1 in Transmutations
  8611 | D:7      | Found Cuigo's Lightly-Used Armoury.
  8825 | D:8      | Reached skill level 1 in Invocations
  8974 | D:8      | Found an ancient bone altar of Kikubaaqudgha.
  9135 | D:8      | Killed from afar by a steam dragon

Illustrated notes

Levels and vault maps discovered:
D:1:      minmay_arrival_open_corners, layout_rooms, serial_curves,
          eino_curves_02, eino_curves_02, shapermc_ecumenical_altar_petra
D:2:      layout_loops_cross, minmay_surrounded
D:3:      minmay_razor_zed, layout_basic, portal_sewer_entry_a
D:4:      layout_cave_pools, kennysheep_cluttered_room, lemuel_old_faithful
D:5:      kennysheep_windowed_halls, layout_cave_pods
D:6:      minmay_cornered_nines, layout_basic, kennysheep_mini_moat,
          nzn_wu_jian_council_hall, minmay_temple_entry_offerings,
          uniq_prince_ribbit1
D:7:      layout_rooms, trog_wizard, minmay_shop_grid_forest,
          minmay_shop_damaged
D:8:      layout_loops_corners, mainiacjoe_overflow_alcove_1,
          grunt_ministairs_10, kennysheep_generic_room_16
Temple:   minmay_temple_curvy_branch

Skill      XL: |  1  2  3  4  5  6  7  8  9 10 |
---------------+-------------------------------+-----
Dodging        | 3 4 5 7 |  7.2
Ice Magic      | 5 6 7 8 9 |  9.6
Short Blades   | 2 |  2.0
Fighting       | 1 2 3 4 |  4.2
Spellcasting   | 3 4 |  4.0
Maces & Flails | 2 4 |  4.0
Conjurations   | 1 2 3 |  3.0
Stealth        | 3 4 |  4.6
Slings         | 1 2 |  2.0
Earth Magic    | 1 |  1.6
Evocations     | 2 |  2.0
Poison Magic   | 1 2 |  2.3
Air Magic      | 1 |  1.2
Transmutations | 2 |  2.2
Invocations    | 1 |  1.4
Throwing       | |  0.8

Action                   |  1- 3 |  4- 6 |  7- 9 | 10-12 || total
-------------------------+-------+-------+-------+-------++-------
Melee: Short sword       |    58 |   119 |       |       ||   177
       Punch             |     1 |     1 |     4 |       ||     6
       Whip              |       |     7 |   131 |    39 ||   177
       Tailslap          |       |     4 |       |       ||     4
 Fire: Hunting sling     |       |       |     4 |       ||     4
Throw: Dart              |     6 |     5 |     3 |       ||    14
       Stone             |       |    14 |    35 |    16 ||    65
       Boomerang         |       |       |       |     3 ||     3
 Cast: Freeze            |    40 |    40 |     1 |     1 ||    82
       Frozen Ramparts   |     1 |    28 |    28 |    10 ||    67
       Ozocubu's Armour  |       |     2 |    19 |     6 ||    27
       Hailstorm         |       |       |     4 |       ||     4
       Mephitic Cloud    |       |       |       |     3 ||     3
  Use: Scroll            |     6 |       |     6 |     2 ||    14
       Potion            |       |       |     3 |     2 ||     5
 Stab: Sleeping          |     8 |     6 |     1 |     2 ||    17
Armor: Robe              |    20 |    37 |    36 |    10 ||   103
Dodge: Dodged            |    61 |   161 |    77 |    55 ||   354

Table legend: (Time is in decaauts)
 A = Elapsed time spent in this place.
 B = Non-inter-level travel time spent in this place.
 C = Inter-level travel time spent in this place.
 D = Time resting spent in this place.
 E = Time spent auto-exploring this place.
 F = Levels seen in this place.
 G = Mean time per level.
                   A        B        C        D        E       F      G
               +--------+--------+--------+--------+--------+-----+--------+
         Total |   9579 |   9312 |    267 |    241 |   3968 |  10 |  957.9 |
       Dungeon |   8723 |   8484 |    239 |    241 |   3444 |   8 | 1090.4 |
        Temple |    362 |    334 |     28 |      0 |    311 |   1 |  362.0 |
         Sewer |    492 |    492 |      0 |      0 |    213 |   1 |  492.0 |
               +--------+--------+--------+--------+--------+-----+--------+

Top non-repeatable levels by time:
     D:5: 2267 daAuts
     D:6: 1306 daAuts
     D:1: 1005 daAuts
     D:2: 966 daAuts
     D:4: 958 daAuts
     D:7: 951 daAuts
     D:3: 851 daAuts
   Sewer: 492 daAuts
     D:8: 415 daAuts
  Temple: 362 daAuts
